Devils vs Flyers

Created - January 17, 2016 at 10:21

Goals
1 2 3 OT1 SO T
Devils 0 2 0 0 0 2
Flyers 1 1 0 0 1 3
Shots
1 2 3 OT1 SO T
Devils 6 10 6 2 4 24
Flyers 10 10 6 1 4 27

1st period

1. Flyers , Gabriel Bourque 2 (Ryan Ellis, Dan Boyle) at 18:29

Penalties :
Gabriel Bourque (PHI) for Holding (Minor) at 5:27, Tom Gilbert (PHI) for Hooking (Minor) at 14:49

2nd period

2. Devils , Vincent Trocheck 8 (Johan Franzen, Tyler Johnson) at 3:52
3. Flyers , Mike Santorelli 13 (Olli Jokinen) at 7:34
4. Devils , Drew Stafford 8 (Brandon Sutter, Trevor Daley) at 18:33

Penalties :
Brandon Sutter (NJD) for Tripping (Minor) at 0:07, Mark Fistric (PHI) for Holding (Minor) at 4:16, Dan Hamhuis (NJD) for Roughing (Minor) at 10:51, Tommy Wingels (NJD) for Interference (Minor) at 13:26

3rd period

No Goal

Penalties :
Drew Stafford (NJD) for Holding (Minor) at 0:48, Daniel Sedin (PHI) for Fighting (Major) at 5:59, Drew Stafford (NJD) for Fighting (Major) at 5:59, Carl Hagelin (PHI) for Hooking (Minor) at 12:39, Dan Boyle (PHI) for Slashing (Minor) at 16:11

Overtime #1

No Goal

Penalties :
No Penalty

Shootout

Penalty Shot by Mikko Koivu for Devils - Shot Misses the Net
Penalty Shot by Carl Hagelin for Flyers - Stopped by Corey Crawford
Penalty Shot by Chris Terry for Devils - Stopped by Devan Dubnyk
Penalty Shot by Gabriel Bourque for Flyers - Stopped by Corey Crawford
Penalty Shot by Darren Helm for Devils - Stopped by Devan Dubnyk
Penalty Shot by Joel Ward for Flyers - Shot Misses the Net
Penalty Shot by Tyler Johnson for Devils - Shot Misses the Net
Penalty Shot by Mike Ribeiro for Flyers - Goal!

Penalties :
No Penalty

Goalie Stats

Corey Crawford (NJD), 25 saves from 27 shots - (0.926), OTL, 19-22-3, 65:00 minutes
Devan Dubnyk (PHI), 22 saves from 24 shots - (0.917), W, 13-9-6, 65:00 minutes

Players Stats for Devils

Player Name              G  A  P  +/- PIM S  H  SB GA TA FO     MP     PP MP  PK MP  
------------------------------------------------------------------------------------
Ales Hemsky              0  0  0  -1  0   3  0  0  0  0  0/0     8:49   0:00   0:00 
Brandon Sutter           0  1  1   0  2   1  2  0  0  0  9/13   22:11   4:41   2:53 
Chris Kelly              0  0  0   0  0   0  1  0  0  0  0/1    11:07   0:00   4:04 
Chris Terry              0  0  0   0  0   0  0  0  0  0  0/0     0:00   0:00   0:00 
Dan Hamhuis              0  0  0  -1  2   1  4  0  0  0  0/0    21:21   5:28   0:00 
Darren Helm              0  0  0  -1  0   1  0  0  0  0  6/10   14:49   0:00   0:00 
Derek Roy                0  0  0   0  0   1  0  0  0  0  3/6     6:00   0:00   0:00 
Drew Stafford            1  0  1   0  7   3  0  0  0  0  0/0    10:43   0:49   0:01 
Jake Muzzin              0  0  0   2  0   0  1  0  0  0  0/0    26:37   4:27   4:01 
Johan Franzen            0  1  1   1  0   1  2  0  0  0  2/3    21:48   5:14   0:00 
John-Michael Liles       0  0  0  -1  0   0  0  0  0  0  0/0    14:06   0:00   0:00 
Justin Schultz           0  0  0  -1  0   0  0  1  0  0  0/0    26:54   5:28   4:01 
Mikko Koivu              0  0  0   0  0   3  1  0  0  0  22/37  23:33   4:39   3:55 
Nick Schultz             0  0  0  -1  0   0  0  1  0  0  0/0    16:09   0:00   3:55 
Tommy Wingels            0  0  0  -1  2   0  2  0  0  0  1/2    18:25   5:16   0:59 
Trevor Daley             0  1  1   2  0   1  0  3  0  0  0/0    24:52   4:27   3:55 
Tyler Johnson            0  1  1   1  0   4  1  1  0  0  13/28  21:22   5:14   0:00 
Vincent Trocheck         1  0  1   1  0   5  3  1  0  0  0/1    23:13   3:52   4:00 

Players Stats for Flyers

Player Name              G  A  P  +/- PIM S  H  SB GA TA FO     MP     PP MP  PK MP  
------------------------------------------------------------------------------------
Carl Hagelin             0  0  0   0  2   2  4  0  0  0  0/0    23:40   4:51   4:02 
Carlo Colaiacovo         0  0  0   0  0   0  0  0  0  0  0/0    10:49   0:05   0:52 
Damien Brunner           0  0  0  -1  0   1  0  0  0  0  2/3    21:48   0:05   4:22 
Damon Severson           0  0  0   1  0   0  2  1  0  0  0/0    19:02   0:05   2:27 
Dan Boyle                0  1  1  -1  2   4  0  0  0  0  0/0    28:01   3:21   3:51 
Daniel Sedin             0  0  0  -1  5   1  0  0  0  0  0/0    15:36   1:56   1:31 
Gabriel Bourque          1  0  1   1  2   5  4  0  0  0  2/6    21:09   3:13   3:47 
Jean-Gabriel Pageau      0  0  0   0  0   0  0  0  0  0  2/2     0:37   0:00   0:37 
Joel Ward                0  0  0   0  0   0  0  0  0  0  0/3    10:02   0:05   0:00 
Kyle Brodziak            0  0  0   1  0   3  1  0  0  0  10/22  19:00   5:00   5:16 
Luca Sbisa               0  0  0   0  0   0  0  0  0  0  0/0     0:00   0:00   0:00 
Mark Fistric             0  0  0   0  2   1  1  0  0  0  0/0    20:55   4:30   4:13 
Mike Ribeiro             0  0  0  -1  0   4  0  0  0  0  14/30  24:37   3:13   0:15 
Mike Santorelli          1  0  1   0  0   4  0  0  0  0  1/7    19:08   4:38   0:00 
Olli Jokinen             0  1  1   0  0   0  1  0  0  0  14/28  16:56   0:00   0:00 
Pierre-Alexandr Parentea 0  0  0   1  0   1  0  0  0  0  0/0     7:29   0:47   0:00 
Ryan Ellis               0  1  1   0  0   1  1  0  0  0  0/0    27:49   3:21   4:34 
Tom Gilbert              0  0  0   0  2   0  2  1  0  0  0/0    23:21   4:30   3:53 

3 Stars

1 - Vincent Trocheck (NJD)
2 - Gabriel Bourque (PHI)
3 - Trevor Daley (NJD)

Power Play

Devils - 0 on 5 Attempt(s) - 0.00%
Flyers - 0 on 4 Attempt(s) - 0.00%

Penalty Kill

Devils - 4 on 4 Attempt(s) - 100.00% - Score 0 goal in Penalty Kill
Flyers - 5 on 5 Attempt(s) - 100.00% - Score 0 goal in Penalty Kill

Team Stat

Devils - Hits : 17 - Faceoff Wins : 56 - Blocked Shots : 7 - Penalty Minutes : 13
Flyers - Hits : 16 - Faceoff Wins : 45 - Blocked Shots : 2 - Penalty Minutes : 15

Official

Referees : Francis Charron and Ian Walsh
Linesman : Brian Murphy and Mike Cvik

Game Notes

Jean-Gabriel Pageau is injured at 6:04 of 1st period (Strained Left Elbow)
Daniel Sedin beats up Drew Stafford at 5:59 of 3rd period
Tom Gilbert is injured at 0:26 of 1st overtime period (Sprained Left Ankle)

Finance

Level 1 -- Attendance: 5241 (80.63%) -- Ticket Income $592,233
Level 2 -- Attendance: 4858 (97.16%) -- Ticket Income $383,782
Level 3 -- Attendance: 3112 (88.91%) -- Ticket Income $140,040
Level 4 -- Attendance: 2874 (81.26%) -- Ticket Income $74,724
Luxury Box -- Attendance: 792 (79.20%) -- Ticket Income $178,200
Game was played at the Wells Fargo Center.
Total Attendance: 16877 (86.38%)
Total Ticket Income: $1,368,979
Other Income: $205,347
Total Income: $1,574,326

% Time on Ice - Devils

Lines # - Real PCT - Wanted PCT - Time Play
Normal Forward
1 - 36% - 35% - 15:09
2 - 29% - 30% - 12:11
3 - 21% - 25% - 8:49
4 - 14% - 10% - 6:00
Normal Defense
1 - 37% - 40% - 15:26
2 - 34% - 40% - 14:29
3 - 29% - 20% - 12:14
4 - 0% - 0% - 0:00
PP Forward
1 - 53% - 70% - 5:14
2 - 47% - 30% - 4:41
PP Defense
1 - 45% - 70% - 4:27
2 - 55% - 30% - 5:28
PK Forward
1 - 49% - 50% - 3:55
2 - 51% - 50% - 4:01
PK Defense
1 - 49% - 50% - 3:55
2 - 51% - 50% - 4:01
PK3 Forward
1 - 0% - 50%
2 - 0% - 50%
PK3 Defense
1 - 0% - 60%
2 - 0% - 40%
44 Forward
1 - 0% - 50%
2 - 0% - 50%
44 Defense
1 - 0% - 60%
2 - 0% - 40%
Last Minute Offensive  - 0:00
Last Minute Defensive  - 0:00
Total
Forward - 60:00
Defense - 60:00

% Time on Ice - Flyers

Lines # - Real PCT - Wanted PCT - Time Play
Normal Forward
1 - 32% - 40% - 13:28
2 - 34% - 35% - 14:30
3 - 16% - 20% - 6:42
4 - 18% - 5% - 7:29
Normal Defense
1 - 36% - 45% - 15:21
2 - 34% - 30% - 14:24
3 - 21% - 15% - 9:00
4 - 8% - 10% - 3:24
PP Forward
1 - 58% - 60% - 4:38
2 - 42% - 40% - 3:18
PP Defense
1 - 43% - 60% - 3:26
2 - 57% - 40% - 4:30
PK Forward
1 - 92% - 60% - 9:05
2 - 8% - 40% - 0:50
PK Defense
1 - 62% - 60% - 6:08
2 - 38% - 40% - 3:47
PK3 Forward
1 - 0% - 60%
2 - 0% - 40%
PK3 Defense
1 - 0% - 60%
2 - 0% - 40%
44 Forward
1 - 0% - 60%
2 - 0% - 40%
44 Defense
1 - 0% - 60%
2 - 0% - 40%
Last Minute Offensive  - 0:00
Last Minute Defensive  - 0:00
Total
Forward - 60:00
Defense - 60:00

Play by Play

1st period


0:01 of 1st period - Mike Ribeiro wins face-off versus Tyler Johnson in neutral zone.
0:24 of 1st period - Shot by Daniel Sedin.
0:24 of 1st period - Shot Blocked by Vincent Trocheck.
0:26 of 1st period - Shot by Dan Boyle.
0:26 of 1st period - Shot Misses the Net.
0:34 of 1st period - Shot by Daniel Sedin.
0:34 of 1st period - Shot Blocked by Trevor Daley.
1:06 of 1st period - Shot by Drew Stafford.
1:06 of 1st period - Shot Misses the Net.
1:55 of 1st period - Off-side.
1:56 of 1st period - Darren Helm wins face-off versus Gabriel Bourque in neutral zone.
1:59 of 1st period - Gabriel Bourque is hit by Tommy Wingels and loses puck.
4:02 of 1st period - Icing by Justin Schultz.
4:03 of 1st period - Tyler Johnson wins face-off versus Olli Jokinen in Devils zone.
4:12 of 1st period - Shot by Carl Hagelin.
4:12 of 1st period - Deflect By Mike Santorelli.
4:12 of 1st period - Stopped by Corey Crawford without a rebound.
4:13 of 1st period - Olli Jokinen wins face-off versus Mikko Koivu in Devils zone.
4:39 of 1st period - Shot by Drew Stafford.
4:39 of 1st period - Shot Blocked by Damon Severson.
5:27 of 1st period - Minor Penalty to Gabriel Bourque for Holding.
5:28 of 1st period - Jean-Gabriel Pageau wins face-off versus Tommy Wingels in Flyers zone.
5:28 of 1st period - Dan Boyle is hit by Tommy Wingels.
5:54 of 1st period - Shot by Johan Franzen.
5:54 of 1st period - Shot Misses the Net.
5:56 of 1st period - Shot by Tyler Johnson.
5:56 of 1st period - Deflect By Johan Franzen.
5:56 of 1st period - Shot Misses the Net.
6:02 of 1st period - Shot by Tyler Johnson.
6:02 of 1st period - Stopped by Devan Dubnyk without a rebound.
6:03 of 1st period - Jean-Gabriel Pageau wins face-off versus Brandon Sutter in Flyers zone.
6:03 of 1st period - Jean-Gabriel Pageau is hit by Vincent Trocheck.
6:04 of 1st period - Jean-Gabriel Pageau from Flyers is injured at 6:04 of 1st period (Strained Left Elbow).
6:05 of 1st period - Johan Franzen wins face-off versus Kyle Brodziak in Flyers zone.
6:20 of 1st period - Shot by Trevor Daley.
6:20 of 1st period - Shot Misses the Net.
7:42 of 1st period - Nick Schultz is hit by Gabriel Bourque and loses puck.
8:00 of 1st period - Icing by Damon Severson.
8:01 of 1st period - Gabriel Bourque wins face-off versus Mikko Koivu in Flyers zone.
8:01 of 1st period - Gabriel Bourque is hit by Mikko Koivu.
8:10 of 1st period - Joel Ward is hit by Jake Muzzin and loses puck.
9:40 of 1st period - Shot by Damien Brunner.
9:40 of 1st period - Stopped by Corey Crawford with a rebound.
9:42 of 1st period - Shot by Dan Boyle.
9:42 of 1st period - Shot Misses the Net.
9:52 of 1st period - Shot by Mike Ribeiro.
9:52 of 1st period - Stopped by Corey Crawford with a rebound.
9:57 of 1st period - Daniel Sedin is hit by Dan Hamhuis and loses puck.
10:10 of 1st period - Ryan Ellis is hit by Johan Franzen and loses puck.
10:30 of 1st period - Damon Severson is hit by Vincent Trocheck.
10:33 of 1st period - Kyle Brodziak is hit by Dan Hamhuis.
10:40 of 1st period - Kyle Brodziak is hit by Dan Hamhuis and loses puck.
12:19 of 1st period - Shot by Carl Hagelin.
12:19 of 1st period - Stopped by Corey Crawford without a rebound.
12:20 of 1st period - Kyle Brodziak wins face-off versus Derek Roy in Devils zone.
12:32 of 1st period - Shot by Kyle Brodziak.
12:32 of 1st period - Stopped by Corey Crawford without a rebound.
12:33 of 1st period - Mikko Koivu wins face-off versus Kyle Brodziak in Devils zone.
12:50 of 1st period - Shot by Kyle Brodziak.
12:50 of 1st period - Stopped by Corey Crawford without a rebound.
12:51 of 1st period - Darren Helm wins face-off versus Olli Jokinen in Devils zone.
12:53 of 1st period - Trevor Daley is hit by Carl Hagelin and loses puck.
13:10 of 1st period - Off-side.
13:11 of 1st period - Kyle Brodziak wins face-off versus Mikko Koivu in neutral zone.
13:22 of 1st period - Shot by Pierre-Alexandr Parenteau.
13:22 of 1st period - Stopped by Corey Crawford without a rebound.
13:23 of 1st period - Darren Helm wins face-off versus Olli Jokinen in Devils zone.
13:42 of 1st period - Shot by Ales Hemsky.
13:42 of 1st period - Stopped by Devan Dubnyk without a rebound.
13:43 of 1st period - Mike Ribeiro wins face-off versus Tyler Johnson in Flyers zone.
13:43 of 1st period - Mike Ribeiro is hit by Tyler Johnson.
14:11 of 1st period - Shot by Tyler Johnson.
14:11 of 1st period - Shot Misses the Net.
14:13 of 1st period - Shot by Dan Hamhuis.
14:13 of 1st period - Stopped by Devan Dubnyk without a rebound.
14:14 of 1st period - Kyle Brodziak wins face-off versus Darren Helm in Flyers zone.
14:28 of 1st period - Shot by Ales Hemsky.
14:28 of 1st period - Stopped by Devan Dubnyk with a rebound.
14:43 of 1st period - Ales Hemsky is hit by Damon Severson and loses puck.
14:49 of 1st period - Minor Penalty to Tom Gilbert for Hooking.
14:50 of 1st period - Damien Brunner wins face-off versus Mikko Koivu in Flyers zone.
15:06 of 1st period - Icing by Dan Hamhuis.
15:07 of 1st period - Mikko Koivu wins face-off versus Kyle Brodziak in Devils zone.
15:22 of 1st period - Shot by Mikko Koivu.
15:22 of 1st period - Stopped by Devan Dubnyk without a rebound.
15:23 of 1st period - Brandon Sutter wins face-off versus Kyle Brodziak in Flyers zone.
16:20 of 1st period - Icing by Dan Hamhuis.
16:21 of 1st period - Kyle Brodziak wins face-off versus Mikko Koivu in Devils zone.
16:22 of 1st period - Shot by Carl Hagelin.
16:22 of 1st period - Deflect By Kyle Brodziak.
16:22 of 1st period - Shot Misses the Net.
16:41 of 1st period - Shot by Gabriel Bourque.
16:41 of 1st period - Stopped by Corey Crawford without a rebound.
16:42 of 1st period - Kyle Brodziak wins face-off versus Mikko Koivu in Devils zone.
17:14 of 1st period - Icing by Tom Gilbert.
17:15 of 1st period - Tyler Johnson wins face-off versus Gabriel Bourque in Flyers zone.
17:30 of 1st period - Icing by Vincent Trocheck.
17:31 of 1st period - Tyler Johnson wins face-off versus Olli Jokinen in Devils zone.
17:58 of 1st period - Shot by Vincent Trocheck.
17:58 of 1st period - Stopped by Devan Dubnyk without a rebound.
17:59 of 1st period - Mike Ribeiro wins face-off versus Mikko Koivu in Flyers zone.
18:12 of 1st period - Off-side.
18:13 of 1st period - Darren Helm wins face-off versus Kyle Brodziak in neutral zone.
18:27 of 1st period - Shot by Ryan Ellis.
18:27 of 1st period - Shot Misses the Net.
18:29 of 1st period - Shot by Gabriel Bourque.
18:29 of 1st period - Goal by Gabriel Bourque - Devils : 0 - Flyers : 1.
18:30 of 1st period - Brandon Sutter wins face-off versus Mike Ribeiro in neutral zone.
18:49 of 1st period - Shot by Daniel Sedin.
18:49 of 1st period - Stopped by Corey Crawford without a rebound.
18:50 of 1st period - Tyler Johnson wins face-off versus Olli Jokinen in Devils zone.
19:27 of 1st period - Icing by Jake Muzzin.
19:28 of 1st period - Mike Ribeiro wins face-off versus Tyler Johnson in Devils zone.
Goals for this period are 0 for Devils vs 1 for Flyers.
Shots for this period are 6 for Devils vs 10 for Flyers.

2nd period


0:01 of 2nd period - Mikko Koivu wins face-off versus Mike Ribeiro in neutral zone.
0:07 of 2nd period - Minor Penalty to Brandon Sutter for Tripping.
0:08 of 2nd period - Mikko Koivu wins face-off versus Mike Santorelli in Devils zone.
0:37 of 2nd period - Shot by Dan Boyle.
0:37 of 2nd period - Shot Misses the Net.
1:41 of 2nd period - Shot by Mike Ribeiro.
1:41 of 2nd period - Shot Misses the Net.
3:14 of 2nd period - Shot by Ales Hemsky.
3:14 of 2nd period - Stopped by Devan Dubnyk without a rebound.
3:15 of 2nd period - Tyler Johnson wins face-off versus Olli Jokinen in Flyers zone.
3:50 of 2nd period - Shot by Johan Franzen.
3:50 of 2nd period - Stopped by Devan Dubnyk with a rebound.
3:52 of 2nd period - Shot by Vincent Trocheck.
3:52 of 2nd period - Goal by Vincent Trocheck - Devils : 1 - Flyers : 1.
3:53 of 2nd period - Kyle Brodziak wins face-off versus Derek Roy in neutral zone.
4:02 of 2nd period - Pierre-Alexandr Parenteau is hit by Dan Hamhuis and loses puck.
4:16 of 2nd period - Minor Penalty to Mark Fistric for Holding.
4:17 of 2nd period - Mikko Koivu wins face-off versus Kyle Brodziak in Flyers zone.
4:29 of 2nd period - Johan Franzen is hit by Tom Gilbert.
4:42 of 2nd period - Mikko Koivu is hit by Tom Gilbert and loses puck.
4:51 of 2nd period - Shot by Mikko Koivu.
4:51 of 2nd period - Shot Misses the Net.
4:53 of 2nd period - Shot by Tyler Johnson.
4:53 of 2nd period - Shot Misses the Net.
4:55 of 2nd period - Shot by Tyler Johnson.
4:55 of 2nd period - Shot Misses the Net.
6:58 of 2nd period - Icing by Nick Schultz.
6:59 of 2nd period - Kyle Brodziak wins face-off versus Chris Kelly in Devils zone.
7:24 of 2nd period - Shot by Kyle Brodziak.
7:24 of 2nd period - Stopped by Corey Crawford without a rebound.
7:25 of 2nd period - Olli Jokinen wins face-off versus Mikko Koivu in Devils zone.
7:34 of 2nd period - Shot by Mike Santorelli.
7:34 of 2nd period - Goal by Mike Santorelli - Devils : 1 - Flyers : 2.
7:35 of 2nd period - Mike Ribeiro wins face-off versus Johan Franzen in neutral zone.
7:56 of 2nd period - Shot by Vincent Trocheck.
7:56 of 2nd period - Stopped by Devan Dubnyk with a rebound.
8:02 of 2nd period - Shot by Tyler Johnson.
8:02 of 2nd period - Stopped by Devan Dubnyk without a rebound.
8:03 of 2nd period - Mikko Koivu wins face-off versus Olli Jokinen in Flyers zone.
8:04 of 2nd period - Shot by Drew Stafford.
8:04 of 2nd period - Stopped by Devan Dubnyk without a rebound.
8:05 of 2nd period - Mikko Koivu wins face-off versus Olli Jokinen in Flyers zone.
8:27 of 2nd period - Shot by Mikko Koivu.
8:27 of 2nd period - Shot Misses the Net.
8:30 of 2nd period - Icing by Olli Jokinen.
8:31 of 2nd period - Olli Jokinen wins face-off versus Darren Helm in Flyers zone.
8:33 of 2nd period - Icing by Dan Boyle.
8:34 of 2nd period - Olli Jokinen wins face-off versus Tyler Johnson in Flyers zone.
8:44 of 2nd period - Icing by Jake Muzzin.
8:45 of 2nd period - Tyler Johnson wins face-off versus Damien Brunner in Devils zone.
8:53 of 2nd period - Damon Severson is hit by Johan Franzen and loses puck.
9:11 of 2nd period - Icing by Trevor Daley.
9:12 of 2nd period - Olli Jokinen wins face-off versus Tyler Johnson in Devils zone.
9:16 of 2nd period - Icing by Vincent Trocheck.
9:17 of 2nd period - Mike Santorelli wins face-off versus Vincent Trocheck in Devils zone.
9:28 of 2nd period - Shot by Tyler Johnson.
9:28 of 2nd period - Stopped by Devan Dubnyk without a rebound.
9:29 of 2nd period - Tommy Wingels wins face-off versus Mike Ribeiro in Flyers zone.
9:54 of 2nd period - Shot by Mike Ribeiro.
9:54 of 2nd period - Stopped by Corey Crawford without a rebound.
9:55 of 2nd period - Mikko Koivu wins face-off versus Olli Jokinen in Devils zone.
10:26 of 2nd period - Shot by Drew Stafford.
10:26 of 2nd period - Stopped by Devan Dubnyk without a rebound.
10:27 of 2nd period - Darren Helm wins face-off versus Mike Ribeiro in Flyers zone.
10:51 of 2nd period - Minor Penalty to Dan Hamhuis for Roughing.
10:52 of 2nd period - Mikko Koivu wins face-off versus Mike Santorelli in Devils zone.
11:07 of 2nd period - Shot by Carl Hagelin.
11:07 of 2nd period - Deflect By Mike Santorelli.
11:07 of 2nd period - Shot Misses the Net.
11:09 of 2nd period - Shot by Mike Santorelli.
11:09 of 2nd period - Stopped by Corey Crawford without a rebound.
11:10 of 2nd period - Mikko Koivu wins face-off versus Mike Ribeiro in Devils zone.
11:15 of 2nd period - Dan Boyle is hit by Chris Kelly and loses puck.
12:09 of 2nd period - Icing by Carl Hagelin.
12:10 of 2nd period - Brandon Sutter wins face-off versus Mike Santorelli in Flyers zone.
12:51 of 2nd period - Icing by Mark Fistric.
12:52 of 2nd period - Darren Helm wins face-off versus Gabriel Bourque in Flyers zone.
13:26 of 2nd period - Minor Penalty to Tommy Wingels for Interference.
13:27 of 2nd period - Mikko Koivu wins face-off versus Mike Santorelli in Devils zone.
13:58 of 2nd period - Shot by Mark Fistric.
13:58 of 2nd period - Shot Blocked by Justin Schultz.
14:12 of 2nd period - Shot by Dan Boyle.
14:12 of 2nd period - Stopped by Corey Crawford with a rebound.
14:14 of 2nd period - Shot by Ryan Ellis.
14:14 of 2nd period - Stopped by Corey Crawford without a rebound.
14:15 of 2nd period - Mike Ribeiro wins face-off versus Brandon Sutter in Devils zone.
14:29 of 2nd period - Icing by Mike Ribeiro.
14:30 of 2nd period - Brandon Sutter wins face-off versus Mike Ribeiro in Flyers zone.
14:37 of 2nd period - Shot by Brandon Sutter.
14:37 of 2nd period - Shot Misses the Net.
14:43 of 2nd period - Shot by Dan Boyle.
14:43 of 2nd period - Stopped by Corey Crawford without a rebound.
14:44 of 2nd period - Mikko Koivu wins face-off versus Mike Santorelli in Devils zone.
15:12 of 2nd period - Icing by Mike Santorelli.
15:13 of 2nd period - Brandon Sutter wins face-off versus Mike Santorelli in Flyers zone.
15:52 of 2nd period - Shot by Daniel Sedin.
15:52 of 2nd period - Shot Hit the Post.
15:58 of 2nd period - Shot by Dan Boyle.
15:58 of 2nd period - Stopped by Corey Crawford without a rebound.
15:59 of 2nd period - Olli Jokinen wins face-off versus Tyler Johnson in Devils zone.
16:13 of 2nd period - Icing by Damon Severson.
16:14 of 2nd period - Mikko Koivu wins face-off versus Olli Jokinen in Flyers zone.
16:28 of 2nd period - Drew Stafford is hit by Damon Severson and loses puck.
16:37 of 2nd period - Brandon Sutter is hit by Carl Hagelin and loses puck.
16:45 of 2nd period - Icing by Nick Schultz.
16:46 of 2nd period - Mike Ribeiro wins face-off versus Mikko Koivu in Devils zone.
17:00 of 2nd period - John-Michael Liles is hit by Ryan Ellis and loses puck.
17:07 of 2nd period - Shot by Mikko Koivu.
17:07 of 2nd period - Stopped by Devan Dubnyk without a rebound.
17:08 of 2nd period - Tyler Johnson wins face-off versus Kyle Brodziak in Flyers zone.
17:41 of 2nd period - Icing by Dan Hamhuis.
17:42 of 2nd period - Mike Ribeiro wins face-off versus Tyler Johnson in Devils zone.
18:23 of 2nd period - Icing by Dan Boyle.
18:24 of 2nd period - Mikko Koivu wins face-off versus Mike Ribeiro in Flyers zone.
18:33 of 2nd period - Shot by Drew Stafford.
18:33 of 2nd period - Goal by Drew Stafford - Devils : 2 - Flyers : 2.
18:34 of 2nd period - Olli Jokinen wins face-off versus Darren Helm in neutral zone.
18:44 of 2nd period - Tommy Wingels is hit by Carl Hagelin and loses puck.
19:11 of 2nd period - Shot by Carl Hagelin.
19:11 of 2nd period - Stopped by Corey Crawford without a rebound.
19:12 of 2nd period - Kyle Brodziak wins face-off versus Mikko Koivu in Devils zone.
19:13 of 2nd period - Shot by Gabriel Bourque.
19:13 of 2nd period - Stopped by Corey Crawford without a rebound.
19:14 of 2nd period - Tyler Johnson wins face-off versus Mike Ribeiro in Devils zone.
Goals for this period are 2 for Devils vs 1 for Flyers.
Shots for this period are 10 for Devils vs 10 for Flyers.

3rd period


0:01 of 3rd period - Mikko Koivu wins face-off versus Mike Ribeiro in neutral zone.
0:48 of 3rd period - Minor Penalty to Drew Stafford for Holding.
0:49 of 3rd period - Mikko Koivu wins face-off versus Kyle Brodziak in Devils zone.
1:21 of 3rd period - Shot by Mark Fistric.
1:21 of 3rd period - Shot Misses the Net.
1:23 of 3rd period - Shot by Mark Fistric.
1:23 of 3rd period - Shot Blocked by Nick Schultz.
1:25 of 3rd period - Shot by Mark Fistric.
1:25 of 3rd period - Stopped by Corey Crawford without a rebound.
1:26 of 3rd period - Brandon Sutter wins face-off versus Mike Ribeiro in Devils zone.
1:51 of 3rd period - Off-side.
1:52 of 3rd period - Mike Ribeiro wins face-off versus Mikko Koivu in neutral zone.
1:58 of 3rd period - Shot by Mark Fistric.
1:58 of 3rd period - Shot Blocked by Trevor Daley.
2:36 of 3rd period - Mike Santorelli is hit by Brandon Sutter and loses puck.
2:43 of 3rd period - Vincent Trocheck is hit by Kyle Brodziak and loses puck.
3:01 of 3rd period - Shot by Darren Helm.
3:01 of 3rd period - Shot Misses the Net.
3:03 of 3rd period - Shot by Dan Hamhuis.
3:03 of 3rd period - Shot Misses the Net.
3:37 of 3rd period - Nick Schultz is hit by Olli Jokinen and loses puck.
3:41 of 3rd period - Icing by Nick Schultz.
3:42 of 3rd period - Gabriel Bourque wins face-off versus Tyler Johnson in Devils zone.
5:22 of 3rd period - Brandon Sutter is hit by Gabriel Bourque and loses puck.
5:42 of 3rd period - Icing by Mikko Koivu.
5:43 of 3rd period - Mikko Koivu wins face-off versus Mike Ribeiro in Devils zone.
5:43 of 3rd period - Trevor Daley is hit by Mark Fistric and loses puck.
5:52 of 3rd period - Shot by Drew Stafford.
5:52 of 3rd period - Shot Misses the Net.
5:59 of 3rd period - Daniel Sedin beats up Drew Stafford.
5:59 of 3rd period - Penalty to Daniel Sedin for Fighting.
5:59 of 3rd period - Penalty to Drew Stafford for Fighting.
6:00 of 3rd period - Olli Jokinen wins face-off versus Darren Helm in Flyers zone.
6:12 of 3rd period - Shot by Mike Santorelli.
6:12 of 3rd period - Stopped by Corey Crawford without a rebound.
6:13 of 3rd period - Derek Roy wins face-off versus Mike Ribeiro in Devils zone.
6:38 of 3rd period - Shot by Darren Helm.
6:38 of 3rd period - Stopped by Devan Dubnyk without a rebound.
6:39 of 3rd period - Mikko Koivu wins face-off versus Olli Jokinen in Flyers zone.
7:00 of 3rd period - Shot by Carl Hagelin.
7:00 of 3rd period - Shot Blocked by Trevor Daley.
7:36 of 3rd period - Shot by Mike Ribeiro.
7:36 of 3rd period - Stopped by Corey Crawford without a rebound.
7:37 of 3rd period - Tyler Johnson wins face-off versus Mike Ribeiro in Devils zone.
7:37 of 3rd period - Justin Schultz is hit by Gabriel Bourque and loses puck.
8:00 of 3rd period - Icing by Justin Schultz.
8:01 of 3rd period - Tyler Johnson wins face-off versus Gabriel Bourque in Devils zone.
8:03 of 3rd period - Icing by Johan Franzen.
8:04 of 3rd period - Mike Ribeiro wins face-off versus Tyler Johnson in Devils zone.
8:07 of 3rd period - Shot by Gabriel Bourque.
8:07 of 3rd period - Stopped by Corey Crawford without a rebound.
8:08 of 3rd period - Derek Roy wins face-off versus Mike Ribeiro in Devils zone.
8:19 of 3rd period - Shot by Derek Roy.
8:19 of 3rd period - Stopped by Devan Dubnyk without a rebound.
8:20 of 3rd period - Johan Franzen wins face-off versus Olli Jokinen in Flyers zone.
8:21 of 3rd period - Shot by Tyler Johnson.
8:21 of 3rd period - Stopped by Devan Dubnyk without a rebound.
8:22 of 3rd period - Mike Ribeiro wins face-off versus Tyler Johnson in Flyers zone.
8:35 of 3rd period - Shot by Vincent Trocheck.
8:35 of 3rd period - Stopped by Devan Dubnyk without a rebound.
8:36 of 3rd period - Olli Jokinen wins face-off versus Mikko Koivu in Flyers zone.
8:36 of 3rd period - Olli Jokinen is hit by Brandon Sutter.
8:50 of 3rd period - Off-side.
8:51 of 3rd period - Mike Ribeiro wins face-off versus Tyler Johnson in neutral zone.
10:34 of 3rd period - Shot by Brandon Sutter.
10:34 of 3rd period - Shot Misses the Net.
10:50 of 3rd period - Shot by Chris Kelly.
10:50 of 3rd period - Shot Misses the Net.
11:00 of 3rd period - Shot by Pierre-Alexandr Parenteau.
11:00 of 3rd period - Shot Hit the Post.
11:02 of 3rd period - Shot by Gabriel Bourque.
11:02 of 3rd period - Shot Misses the Net.
11:06 of 3rd period - Shot by Pierre-Alexandr Parenteau.
11:06 of 3rd period - Shot Misses the Net.
11:16 of 3rd period - Shot by Pierre-Alexandr Parenteau.
11:16 of 3rd period - Shot Misses the Net.
11:29 of 3rd period - Icing by Dan Boyle.
11:30 of 3rd period - Damien Brunner wins face-off versus Tyler Johnson in Flyers zone.
12:06 of 3rd period - Icing by Jake Muzzin.
12:07 of 3rd period - Tyler Johnson wins face-off versus Olli Jokinen in Devils zone.
12:09 of 3rd period - Icing by Jake Muzzin.
12:10 of 3rd period - Olli Jokinen wins face-off versus Tyler Johnson in Devils zone.
12:35 of 3rd period - Jake Muzzin is hit by Carl Hagelin and loses puck.
12:39 of 3rd period - Minor Penalty to Carl Hagelin for Hooking.
12:40 of 3rd period - Kyle Brodziak wins face-off versus Brandon Sutter in Flyers zone.
13:37 of 3rd period - Icing by Jake Muzzin.
13:38 of 3rd period - Kyle Brodziak wins face-off versus Mikko Koivu in Devils zone.
14:30 of 3rd period - Shot by Vincent Trocheck.
14:30 of 3rd period - Stopped by Devan Dubnyk with a rebound.
15:51 of 3rd period - Shot by Mikko Koivu.
15:51 of 3rd period - Stopped by Devan Dubnyk without a rebound.
15:52 of 3rd period - Mike Ribeiro wins face-off versus Tyler Johnson in Flyers zone.
15:52 of 3rd period - Mike Ribeiro is hit by Vincent Trocheck.
16:11 of 3rd period - Minor Penalty to Dan Boyle for Slashing.
16:12 of 3rd period - Tyler Johnson wins face-off versus Kyle Brodziak in Flyers zone.
16:43 of 3rd period - Shot by Jake Muzzin.
16:43 of 3rd period - Shot Misses the Net.
17:16 of 3rd period - Icing by Tommy Wingels.
17:17 of 3rd period - Brandon Sutter wins face-off versus Kyle Brodziak in Devils zone.
17:44 of 3rd period - Shot by Tommy Wingels.
17:44 of 3rd period - Shot Misses the Net.
18:40 of 3rd period - Icing by Nick Schultz.
18:41 of 3rd period - Derek Roy wins face-off versus Kyle Brodziak in Devils zone.
18:41 of 3rd period - Derek Roy is hit by Gabriel Bourque.
19:27 of 3rd period - Shot by Joel Ward.
19:27 of 3rd period - Deflect By Mike Ribeiro.
19:27 of 3rd period - Stopped by Corey Crawford with a rebound.
19:44 of 3rd period - Icing by Darren Helm.
19:45 of 3rd period - Olli Jokinen wins face-off versus Derek Roy in Devils zone.
19:48 of 3rd period - Shot by Dan Boyle.
19:48 of 3rd period - Stopped by Corey Crawford without a rebound.
19:49 of 3rd period - Mikko Koivu wins face-off versus Olli Jokinen in Devils zone.
19:58 of 3rd period - Icing by Ryan Ellis.
19:59 of 3rd period - Olli Jokinen wins face-off versus Tyler Johnson in Flyers zone.
Goals for this period are 0 for Devils vs 0 for Flyers.
Shots for this period are 6 for Devils vs 6 for Flyers.

Overtime #1


0:01 of 1st overtime period - Mike Ribeiro wins face-off versus Mikko Koivu in neutral zone.
0:20 of 1st overtime period - Shot by Mike Ribeiro.
0:20 of 1st overtime period - Shot Misses the Net.
0:26 of 1st overtime period - Shot by Mikko Koivu.
0:26 of 1st overtime period - Shot Blocked by Tom Gilbert.
0:26 of 1st overtime period - Tom Gilbert from Flyers is injured at 0:26 of 1st overtime period (Sprained Left Ankle).
0:27 of 1st overtime period - Mikko Koivu wins face-off versus Joel Ward in Flyers zone.
0:28 of 1st overtime period - Shot by Trevor Daley.
0:28 of 1st overtime period - Shot Misses the Net.
0:31 of 1st overtime period - Icing by Mark Fistric.
0:32 of 1st overtime period - Brandon Sutter wins face-off versus Joel Ward in Flyers zone.
1:20 of 1st overtime period - Icing by Dan Boyle.
1:21 of 1st overtime period - Mikko Koivu wins face-off versus Joel Ward in Flyers zone.
2:11 of 1st overtime period - Shot by Mike Ribeiro.
2:11 of 1st overtime period - Deflect By Kyle Brodziak.
2:11 of 1st overtime period - Shot Hit the Post.
2:56 of 1st overtime period - Icing by Ryan Ellis.
2:57 of 1st overtime period - Tyler Johnson wins face-off versus Mike Ribeiro in Flyers zone.
3:06 of 1st overtime period - Shot by Tyler Johnson.
3:06 of 1st overtime period - Shot Misses the Net.
3:08 of 1st overtime period - Shot by Trevor Daley.
3:08 of 1st overtime period - Stopped by Devan Dubnyk without a rebound.
3:09 of 1st overtime period - Olli Jokinen wins face-off versus Brandon Sutter in Flyers zone.
3:26 of 1st overtime period - Shot by Brandon Sutter.
3:26 of 1st overtime period - Stopped by Devan Dubnyk without a rebound.
3:27 of 1st overtime period - Olli Jokinen wins face-off versus Mikko Koivu in Flyers zone.
3:54 of 1st overtime period - Shot by Joel Ward.
3:54 of 1st overtime period - Shot Misses the Net.
3:56 of 1st overtime period - Shot by Carlo Colaiacovo.
3:56 of 1st overtime period - Shot Blocked by Tyler Johnson.
4:15 of 1st overtime period - Icing by Mike Ribeiro.
4:16 of 1st overtime period - Brandon Sutter wins face-off versus Mike Ribeiro in Flyers zone.
4:21 of 1st overtime period - Shot by Brandon Sutter.
4:21 of 1st overtime period - Shot Misses the Net.
4:35 of 1st overtime period - Shot by Gabriel Bourque.
4:35 of 1st overtime period - Stopped by Corey Crawford without a rebound.
4:36 of 1st overtime period - Mikko Koivu wins face-off versus Kyle Brodziak in Devils zone.
Goals for this period are 0 for Devils vs 0 for Flyers.
Shots for this period are 2 for Devils vs 1 for Flyers.

ShootOut


5:00 of 1st overtime period - Penalty Shot by Mikko Koivu for Devils.
5:00 of 1st overtime period - Shot Misses the Net.
5:00 of 1st overtime period - Penalty Shot by Carl Hagelin for Flyers.
5:00 of 1st overtime period - Stopped by Corey Crawford.
5:00 of 1st overtime period - Penalty Shot by Chris Terry for Devils.
5:00 of 1st overtime period - Stopped by Devan Dubnyk.
5:00 of 1st overtime period - Penalty Shot by Gabriel Bourque for Flyers.
5:00 of 1st overtime period - Stopped by Corey Crawford.
5:00 of 1st overtime period - Penalty Shot by Darren Helm for Devils.
5:00 of 1st overtime period - Stopped by Devan Dubnyk.
5:00 of 1st overtime period - Penalty Shot by Joel Ward for Flyers.
5:00 of 1st overtime period - Shot Misses the Net.
5:00 of 1st overtime period - Penalty Shot by Tyler Johnson for Devils.
5:00 of 1st overtime period - Shot Misses the Net.
5:00 of 1st overtime period - Penalty Shot by Mike Ribeiro for Flyers.
5:00 of 1st overtime period - Goal by Mike Ribeiro.